 Dungeon Crawl Stone Soup version 0.30.1-9-gdf580d7c3d (webtiles) character file.

Game seed: 12117606186594102531

75 Ivernyr the Shield-Bearer (level 4, -2/37 HPs)
             Began as a Formicid Fighter on Oct 9, 2023.
             Succumbed to a kobold's poison
             ... on level 3 of the Dungeon.
             The game lasted 00:02:28 (1314 turns).

Ivernyr the Shield-Bearer (Formicid Fighter)        Turns: 1314, Time: 00:02:29

Health: -2/37      AC:  7    Str: 22    XL:     4   Next: 55%
Magic:  4/4        EV:  9    Int:  8    God:
Gold:   107        SH:  5    Dex: 13    Spells: 3/3 levels left

rFire   . . .        a - +0 war axe
rCold   . . .        c - +0 buckler
rNeg    . . .        b - +0 scale mail
rPois   .            (helmet unavailable)
rElec   .            (no cloak)
rCorr   .            (no gloves)
SInv    +            (no boots)
Will    .....        (no amulet) Stlth
                     (no ring)
HPRegen 0.26/turn    (no ring)
MPRegen 0.09/turn

%: no passive effects
@: lethally poisoned (-2 -> -18)
A: permanent stasis, dig shafts and tunnels, antennae 3, four strong arms
a: Dig, Shaft Self


You were on level 3 of the Dungeon.
You visited 1 branch of the dungeon, and saw 3 of its levels.

You collected 107 gold pieces.

Inventory:

Hand Weapons
 a - a +0 war axe (weapon)
Armour
 b - a +0 scale mail (worn)
 c - a +0 buckler (worn)
Scrolls
 e - 2 scrolls of brand weapon {unknown}
 g - 2 scrolls of identify {unknown}
 h - a scroll of teleportation {unknown}
 n - a scroll of fog {unknown}
 o - 2 scrolls of blinking {unknown}
Potions
 d - 2 potions of might
 f - a potion of haste {unknown}
 i - a potion of berserk rage {unknown}
 j - 2 potions of heal wounds {unknown}
 k - 2 potions of attraction {unknown}
 l - a potion of ambrosia {unknown}
 m - a potion of curing {unknown}
 p - a potion of brilliance {unknown}
 q - a potion of degeneration {unknown}


   Skills:
 + Level 3.8 Fighting
 * Level 3.1 Axes
 + Level 3.8 Armour
 + Level 4.7 Shields


You had 3 spell levels left.
You didn't know any spells.
Your spell library contained the following spells:

 Spells                   Type           Power      Damage    Failure   Level
 Slow                     Hex            0%         N/A       80%         1
 Confusing Touch          Hex            0%         N/A       99%         3
 Inner Flame              Hex/Fire       0%         N/A       99%         3
 Vampiric Draining        Necr           0%         2d6       99%         3
 Flame Wave               Conj/Fire      0%         2d4       100%        4
 Sticky Flame             Conj/Fire      0%         2d3       100%        4


Dungeon Overview and Level Annotations

Branches:
Dungeon (3/15)

Altars:

Shops:
D:1 [


Innate Abilities, Weirdness & Mutations

You cannot be hasted, slowed, berserked, paralysed or teleported.
You can dig through walls and to a lower floor.
You have a pair of large antennae on your head. (SInv)
Your four strong arms can wield two-handed weapons with a shield.


Message History

Found 12 gold pieces.
The goblin shouts!
The kobold shouts!
The kobold throws a stone.
The stone hits you but does no damage.
There are monsters nearby!
The kobold throws a stone.
You block the stone.
You see here 2 blue potions.
Found a scroll labelled KEVVAJ TOXUR.
The kobold throws a stone.
The stone hits you but does no damage. You block the goblin's attack.
You slash the goblin!
You kill the goblin!
The kobold throws a stone.
The stone barely misses you.
The kobold throws a stone.
The stone hits you but does no damage.
You see here a +0 club.
The kobold hits you with a +1 dagger of venom.
You are poisoned.
You completely miss the kobold.
You feel very sick. The kobold hits you but does no damage.
You are more poisoned.
You miss the kobold.
You feel very sick. The kobold hits you but does no damage.
You are more poisoned.
You closely miss the kobold.
You feel very sick. The kobold closely misses you.
The kobold hits you but does no damage.
You are lethally poisoned!
You miss the kobold.
You feel extremely sick. The kobold hits you but does no damage.
You are more poisoned.
You slash the kobold!
You kill the kobold!
* * * LOW HITPOINT WARNING * * *
You feel extremely sick.
* * * LOW HITPOINT WARNING * * *
You feel very sick.
Things that are here:
a +1 dagger of venom; a stone; a kobold corpse You die...

.#.# .#(# #.## .#. .#.#
... ?... ...# #### #.#
..#.# #..# {
+...###.###..#.# #..### {{
+.....$........# #).#.#
+.........?.....
##...#####{ #............#
#...#...####...@)..)....+
#...##.###'####.........#
#...##.###.# #....!....#
##..........# ###...##+##
.......######......#.....#
............+......#.....#
...........##......#.....#
......####.#########.....#
##+#######..########.#####


There were no monsters in sight!

Vanquished Creatures
  3 adders (D:2)
  A dart slug (D:1)
  An orc (D:3)
  5 endoplasms
  A giant cockroach (D:1)
  10 goblins
  2 hobgoblins (D:1)
  2 quokkas
  5 ball pythons (D:1)
  5 bats
  3 frilled lizards
  3 kobolds
  2 rats
43 creatures vanquished.

Notes
Turn   | Place    | Note
-------+----------+-------------------------------------------
     0 | D:1      | Ivernyr the Formicid Fighter began the quest for the Orb.
     0 | D:1      | Reached XP level 1. HP: 18/18 MP: 1/1
    25 | D:1      | Found Dafre's Antique Armour Shoppe.
    55 | D:1      | Reached XP level 2. HP: 19/24 MP: 2/2
   124 | D:1      | Found a faded altar of an unknown god.
   152 | D:1      | Reached XP level 3. HP: 28/29 MP: 3/3
   557 | D:2      | Reached XP level 4. HP: 20/37 MP: 4/4
   912 | D:2      | Identified the +11 sling of the Piercing Gods {flame,
                  | +Blink Int+4 Stlth-}
  1313 | D:3      | HP: 1/37 [poisoned by a kobold]
  1314 | D:3      | Succumbed to a kobold's poison

Illustrated notes

Levels and vault maps discovered:
D:1:      lemuel_arrival_behind_the_door_small, layout_rooms,
          basic_ecumenical_altar, serial_shops, shop
D:2:      layout_loops_ring
D:3:      layout_basic, grunt_temple_overflow_open, serial_aquarium,
          aquarium_bridge_long_separate [aquarium_subvault_bridge,
          aquarium_subvault_bridge, aquarium_subvault_wall,
          aquarium_subvault_balcony, aquarium_subvault_bridge,
          aquarium_subvault_wall], aquarium_window_corridor_2,
          aquarium_window_2, aquarium_view_2d, aquarium_view_2b,
          aquarium_balcony_3a, nrook_mini_vaults, hellmonk_no_cap

Skill      XL: |  1  2  3  4 |
---------------+-------------+-----
Axes           | 3 |  3.1
Fighting       | |  3.8
Armour         | |  3.8
Shields        | |  4.7

Action                     |  1- 3 |  4- 6 || total
---------------------------+-------+-------++-------
  Melee: War axe           |    72 |    53 ||   125
 Armour: Scale mail        |    33 |    33 ||    66
  Dodge: Dodged            |    55 |    25 ||    80
  Block: Buckler           |    22 |    14 ||    36
